| TOP OF THE 1ST |
|
Omaha Storm Chasers batting - Pitching for Buffalo Bisons : RHP Jeremy Thomsen
|
|
Pitching: RHP Jeremy Thomsen
|
|
|
Batting: LHB Jim Pankratz
|
0-0: Called Strike 0-1: DOUBLE (Flyball, 8RXD, EV 98.1 MPH)
|
|
Batting: RHB Walt Cogswell
|
0-0: Foul Ball, location: 2F 0-1: Foul Ball, location: 2F 0-2: Strikes out swinging
|
|
Batting: RHB Ken Postlethwaite
|
0-0: Ball 1-0: Ball 2-0: Ball 3-0: Base on Balls
|
|
Batting: RHB Danny Weisse
|
0-0: Ball 1-0: Foul Ball, location: 2F 1-1: Ball 2-1: Called Strike 2-2: Foul Ball, location: 2F 2-2: Foul Ball, location: 2F 2-2: Ball 3-2: Foul Ball, location: 2F 3-2: Base on Balls Jim Pankratz to third Ken Postlethwaite to second
|
|
Batting: LHB Danny Bailey
|
0-0: Called Strike 0-1: Fly out, F8 (Flyball, 89S, EV 76.9 MPH)
|
|
Batting: SHB Francisco Gutierrez
|
0-0: Ball 1-0: Ball 2-0: Ball 3-0: Base on Balls Jim Pankratz scores Ken Postlethwaite to third Danny Weisse to second
|
|
Batting: RHB Yuichi Takata
|
0-0: Ball 1-0: Ball 2-0: Called Strike 2-1: Swinging Strike 2-2: Ball 3-2: Foul Ball, location: 2F 3-2: Base on Balls Ken Postlethwaite scores Danny Weisse to third Francisco Gutierrez to second
|
|
Batting: RHB Jason Birge
|
0-0: Swinging Strike 0-1: Ball 1-1: Swinging Strike 1-2: Strikes out swinging
|
| Top of the 1st over - 2 runs, 1 hit, 0 errors, 3 left on base; Omaha 2 - Buffalo 0 |
| BOTTOM OF THE 1ST |
|
Buffalo Bisons batting - Pitching for Omaha Storm Chasers : RHP Dennis Holifield
|
|
Pitching: RHP Dennis Holifield
|
|
|
Batting: RHB Michel Martineau
|
0-0: Ground out 4-3 (Groundball, 4S, EV 86.9 MPH)
|
|
Batting: RHB Frank Caulfield
|
0-0: Ball 1-0: Ground out U3 (Groundball, 34, EV 102.5 MPH)
|
|
Batting: SHB Dominik Hasek II
|
0-0: Ball 1-0: DOUBLE (Flyball, 78D, EV 101.9 MPH)
|
|
Pitching: RHP Joe Noonan
|
|
|
Batting: RHB Kyle Scruggs
|
0-0: Ball 1-0: Ball 2-0: Swinging Strike 2-1: Ground out 6-3 (Groundball, 6, EV 87.5 MPH)
|
| Bottom of the 1st over - 0 runs, 1 hit, 0 errors, 1 left on base; Omaha 2 - Buffalo 0 |
| TOP OF THE 2ND |
|
Omaha Storm Chasers batting - Pitching for Buffalo Bisons : RHP Jeremy Thomsen
|
|
Batting: LHB Chris Eaker
|
0-0: Called Strike 0-1: Called Strike 0-2: Ball 1-2: DOUBLE (Flyball, 8LXD, EV 92.5 MPH)
|
|
Batting: LHB Jim Pankratz
|
0-0: Ball 1-0: Called Strike 1-1: Ball 2-1: DOUBLE (Line Drive, 9LS, EV 106.9 MPH) Chris Eaker scores
|
|
Batting: RHB Walt Cogswell
|
0-0: Fly out, F9 (Flyball, 9S, EV 80.0 MPH)
|
|
Batting: RHB Ken Postlethwaite
|
0-0: Ball 1-0: Swinging Strike 1-1: Ball 2-1: Called Strike 2-2: Ball 3-2: Base on Balls
|
|
Batting: RHB Danny Weisse
|
0-0: Ball 1-0: Ball 2-0: Called Strike 2-1: Foul Ball, location: 2F 2-2: Strikes out swinging
|
|
Batting: LHB Danny Bailey
|
0-0: Foul Ball, location: 2F 0-1: Ball 1-1: Called Strike 1-2: Strikes out swinging
|
| Top of the 2nd over - 1 run, 2 hits, 0 errors, 2 left on base; Omaha 3 - Buffalo 0 |
| BOTTOM OF THE 2ND |
|
Buffalo Bisons batting - Pitching for Omaha Storm Chasers : RHP Joe Noonan
|
|
Batting: LHB Gabe Pace
|
0-0: Ball 1-0: Fly out, F8 (Flyball, 8LM, EV 74.4 MPH)
|
|
Batting: RHB Kyle Davis
|
0-0: Swinging Strike 0-1: Fly out, F2 (Popup, 2LF, EV 91.2 MPH)
|
|
Batting: RHB Jorge Baret
|
0-0: Ball 1-0: Called Strike 1-1: Fly out, F8 (Flyball, 8RXD, EV 94.4 MPH)
|
| Bottom of the 2nd over - 0 runs, 0 hits, 0 errors, 0 left on base; Omaha 3 - Buffalo 0 |
| TOP OF THE 3RD |
|
Omaha Storm Chasers batting - Pitching for Buffalo Bisons : RHP Jeremy Thomsen
|
|
Batting: SHB Francisco Gutierrez
|
0-0: Called Strike 0-1: Ball 1-1: Ball 2-1: Swinging Strike 2-2: Strikes out swinging
|
|
Batting: RHB Yuichi Takata
|
0-0: Called Strike 0-1: Ball 1-1: Ball 2-1: Foul Ball, location: 2F 2-2: Ball 3-2: Foul Ball, location: 2F 3-2: DOUBLE (Line Drive, 89D, EV 110.6 MPH)
|
|
Batting: RHB Jason Birge
|
0-0: Ball 1-0: Called Strike 1-1: Ground out 5-3 (Groundball, 56, EV 96.9 MPH)
|
|
Batting: LHB Chris Eaker
|
0-0: Called Strike 0-1: Ball 1-1: Called Strike 1-2: Ball 2-2: Fly out, F7 (Flyball, 7, EV 81.9 MPH)
|
| Top of the 3rd over - 0 runs, 1 hit, 0 errors, 1 left on base; Omaha 3 - Buffalo 0 |
| BOTTOM OF THE 3RD |
|
Buffalo Bisons batting - Pitching for Omaha Storm Chasers : RHP Joe Noonan
|
|
Batting: RHB John Loving
|
0-0: Ground out 5-3 (Groundball, 56S, EV 68.8 MPH)
|
|
Batting: LHB Rodrigo Briceno
|
0-0: Swinging Strike 0-1: Swinging Strike 0-2: Fly out, F8 (Flyball, 8RXD, EV 91.2 MPH)
|
|
Batting: RHB Michel Martineau
|
0-0: Foul Ball, location: 2F 0-1: Foul Ball, location: 2F 0-2: Ball 1-2: Foul Ball, location: 2F 1-2: Ball 2-2: Strikes out swinging
|
| Bottom of the 3rd over - 0 runs, 0 hits, 0 errors, 0 left on base; Omaha 3 - Buffalo 0 |
| TOP OF THE 4TH |
|
Omaha Storm Chasers batting - Pitching for Buffalo Bisons : RHP Jeremy Thomsen
|
|
Batting: LHB Jim Pankratz
|
0-0: Ball 1-0: Ball 2-0: Foul Ball, location: 2F 2-1: Fly out, F8 (Flyball, 8LXD, EV 99.4 MPH)
|
|
Batting: RHB Walt Cogswell
|
0-0: Ball 1-0: Ground out 5-3 (Groundball, 56, EV 105.0 MPH)
|
|
Batting: RHB Ken Postlethwaite
|
0-0: Fly out, F9 (Flyball, 9, EV 91.9 MPH)
|
| Top of the 4th over - 0 runs, 0 hits, 0 errors, 0 left on base; Omaha 3 - Buffalo 0 |
| BOTTOM OF THE 4TH |
|
Buffalo Bisons batting - Pitching for Omaha Storm Chasers : RHP Joe Noonan
|
|
Batting: RHB Frank Caulfield
|
0-0: Ball 1-0: Called Strike 1-1: SINGLE (Line Drive, 8RS, EV 90.0 MPH)
|
|
Batting: SHB Dominik Hasek II
|
0-0: Ball Frank Caulfield steals 2nd base 1-0: Swinging Strike 1-1: Called Strike 1-2: Foul Ball, location: 2F 1-2: Ball 2-2: Foul Ball, location: 2F 2-2: Ball 3-2: Fly out, F9 (Flyball, 89M, EV 78.1 MPH)
|
|
Batting: RHB Kyle Scruggs
|
0-0: Called Strike 0-1: SINGLE (Groundball, 4M, EV 96.9 MPH) (infield hit) Frank Caulfield to third
|
|
Batting: LHB Gabe Pace
|
0-0: Ball 1-0: Ball 2-0: Foul Ball, location: 2F 2-1: Foul Ball, location: 2F 2-2: Ball 3-2: Strikes out looking
|
|
Batting: RHB Kyle Davis
|
0-0: Ball 1-0: Foul Ball, location: 2F 1-1: Foul Ball, location: 2F 1-2: Foul Ball, location: 2F 1-2: Ball 2-2: Ball 3-2: SINGLE (Groundball, 6MD, EV 105.6 MPH) Frank Caulfield scores Kyle Scruggs to second Kyle Scruggs to third
|
|
Batting: RHB Jorge Baret
|
0-0: TRIPLE (Line Drive, 89XD, EV 107.5 MPH) Kyle Scruggs scores Kyle Davis scores
|
|
Batting: RHB John Loving
|
0-0: Ball 1-0: Ground out 2-3 (Groundball, 2L, EV 71.2 MPH)
|
| Bottom of the 4th over - 3 runs, 4 hits, 0 errors, 1 left on base; Omaha 3 - Buffalo 3 |
| TOP OF THE 5TH |
|
Omaha Storm Chasers batting - Pitching for Buffalo Bisons : RHP Jeremy Thomsen
|
|
Batting: RHB Danny Weisse
|
0-0: Ground out 6-3 (Groundball, 6, EV 100.0 MPH)
|
|
Batting: LHB Danny Bailey
|
0-0: Ball 1-0: Foul Ball, location: 2F 1-1: Called Strike 1-2: Ball 2-2: Foul Ball, location: 2F 2-2: SINGLE (Groundball, 4M, EV 98.8 MPH)
|
|
Batting: SHB Francisco Gutierrez
|
0-0: Ball 1-0: Ball 2-0: Ball 3-0: Base on Balls Danny Bailey to second
|
|
Batting: RHB Yuichi Takata
|
0-0: Called Strike 0-1: Foul Ball, location: 2F 0-2: Foul Ball, location: 2F 0-2: Foul Ball, location: 2F 0-2: Strikes out swinging
|
|
Batting: RHB Jason Birge
|
0-0: Ball 1-0: Called Strike 1-1: Ball 2-1: Foul Ball, location: 2F 2-2: Ground out 1-3 (Groundball, 34S, EV 68.8 MPH)
|
| Top of the 5th over - 0 runs, 1 hit, 0 errors, 2 left on base; Omaha 3 - Buffalo 3 |
| BOTTOM OF THE 5TH |
|
Buffalo Bisons batting - Pitching for Omaha Storm Chasers : RHP Joe Noonan
|
|
Batting: LHB Rodrigo Briceno
|
0-0: Ball 1-0: Foul Ball, location: 2F 1-1: Foul Ball, location: 2F 1-2: DOUBLE (Groundball, 3L, EV 103.1 MPH)
|
|
Pitching: RHP Jake Gregor
|
|
|
Batting: RHB Michel Martineau
|
0-0: Ball 1-0: Ground out 6-3 (Groundball, 6D, EV 102.5 MPH)
|
|
Batting: RHB Frank Caulfield
|
0-0: Ball 1-0: Ball 2-0: Foul Ball, location: 2F 2-1: Called Strike 2-2: Strikes out looking
|
|
Batting: SHB Dominik Hasek II
|
0-0: Foul Ball, location: 2F 0-1: Called Strike 0-2: Ground out 5-3 (Groundball, 5D, EV 81.9 MPH)
|
| Bottom of the 5th over - 0 runs, 1 hit, 0 errors, 1 left on base; Omaha 3 - Buffalo 3 |
| TOP OF THE 6TH |
|
Omaha Storm Chasers batting - Pitching for Buffalo Bisons : RHP Jeremy Thomsen
|
|
Pitching: RHP Andres Lozano
|
|
|
Batting: LHB Chris Eaker
|
0-0: Foul Ball, location: 2F 0-1: Foul Ball, location: 2F 0-2: Strikes out swinging
|
|
Batting: LHB Jim Pankratz
|
0-0: Called Strike 0-1: Ball 1-1: Foul Ball, location: 2F 1-2: Ball 2-2: Foul Ball, location: 2F 2-2: Ball 3-2: Ground out 4-3 (Groundball, 4, EV 86.9 MPH)
|
|
Batting: RHB Walt Cogswell
|
0-0: Foul Ball, location: 2F 0-1: Called Strike 0-2: Ball 1-2: Ball 2-2: Strikes out swinging
|
| Top of the 6th over - 0 runs, 0 hits, 0 errors, 0 left on base; Omaha 3 - Buffalo 3 |
| BOTTOM OF THE 6TH |
|
Buffalo Bisons batting - Pitching for Omaha Storm Chasers : RHP Jake Gregor
|
|
Batting: RHB Kyle Scruggs
|
0-0: Ball 1-0: Foul Ball, location: 2F 1-1: SINGLE (Line Drive, 9S, EV 101.2 MPH)
|
|
Batting: LHB Gabe Pace
|
0-0: Ball 1-0: Called Strike 1-1: Foul Ball, location: 2F 1-2: Ball Kyle Scruggs is caught stealing 2nd base 2-6 2-2: Ball 3-2: Ground out U3 (Groundball, 3L, EV 88.1 MPH)
|
|
Batting: RHB Kyle Davis
|
0-0: Foul Ball, location: 2F 0-1: Called Strike 0-2: Foul Ball, location: 2F 0-2: Foul Ball, location: 2F 0-2: Strikes out looking
|
| Bottom of the 6th over - 0 runs, 1 hit, 0 errors, 0 left on base; Omaha 3 - Buffalo 3 |
| TOP OF THE 7TH |
|
Omaha Storm Chasers batting - Pitching for Buffalo Bisons : RHP Andres Lozano
|
|
Batting: RHB Ken Postlethwaite
|
0-0: Called Strike 0-1: Ground out 5-3 (Groundball, 56S, EV 85.6 MPH)
|
|
Batting: RHB Danny Weisse
|
0-0: Called Strike 0-1: Ball 1-1: SINGLE (Flyball, 8RS, EV 94.4 MPH)
|
|
Batting: LHB Danny Bailey
|
0-0: Ball 1-0: Foul Ball, location: 2F 1-1: Ball 2-1: DOUBLE (Line Drive, 78XD, EV 105.6 MPH) Danny Weisse to third Runner from 3rd tries for Home, SAFE, throw by CF to home
|
|
Batting: SHB Francisco Gutierrez
|
0-0: Called Strike 0-1: Ball 1-1: SINGLE (Flyball, 89S, EV 90.0 MPH) Danny Bailey to third Runner from 3rd tries for Home, throw by RF and OUT! 9-2 Francisco Gutierrez to second
|
|
Batting: RHB Yuichi Takata
|
0-0: Called Strike 0-1: Called Strike 0-2: Ball 1-2: Foul Ball, location: 2F 1-2: Foul Ball, location: 2F 1-2: Strikes out swinging
|
| Top of the 7th over - 1 run, 3 hits, 0 errors, 1 left on base; Omaha 4 - Buffalo 3 |
| BOTTOM OF THE 7TH |
|
Buffalo Bisons batting - Pitching for Omaha Storm Chasers : RHP Jake Gregor
|
|
Pitching: RHP Elijah Lewis
|
|
|
Batting: RHB Jorge Baret
|
0-0: Ball 1-0: Swinging Strike 1-1: Fly out, F9 (Flyball, 89M, EV 86.2 MPH)
|
|
Batting: RHB John Loving
|
0-0: Ball 1-0: Ball 2-0: Called Strike 2-1: Ball 3-1: Foul Ball, location: 2F 3-2: Ground out 6-3 (Groundball, 6MS, EV 82.5 MPH)
|
|
Batting: LHB Rodrigo Briceno
|
0-0: Ball 1-0: Ground out 4-3 (Groundball, 4, EV 91.2 MPH)
|
| Bottom of the 7th over - 0 runs, 0 hits, 0 errors, 0 left on base; Omaha 4 - Buffalo 3 |
| TOP OF THE 8TH |
|
Omaha Storm Chasers batting - Pitching for Buffalo Bisons : RHP Andres Lozano
|
|
Pitching: RHP Pat Powell
|
|
|
Batting: RHB Jason Birge
|
0-0: Foul Ball, location: 2F 0-1: Swinging Strike 0-2: Ball 1-2: Ball 2-2: Foul Ball, location: 2F 2-2: Strikes out swinging
|
|
Batting: LHB Chris Eaker
|
0-0: Foul Ball, location: 2F 0-1: Ball 1-1: Ball 2-1: Ball 3-1: Foul Ball, location: 2F 3-2: Base on Balls
|
|
Batting: LHB Jim Pankratz
|
0-0: Hit by Pitch Chris Eaker to second
|
|
Batting: RHB Walt Cogswell
|
0-0: Swinging Strike 0-1: Foul Ball, location: 2F 0-2: Strikes out looking
|
|
Batting: RHB Ken Postlethwaite
|
0-0: Called Strike 0-1: Foul Ball, location: 2F 0-2: Ball 1-2: Foul Ball, location: 2F 1-2: Strikes out looking
|
| Top of the 8th over - 0 runs, 0 hits, 0 errors, 2 left on base; Omaha 4 - Buffalo 3 |
| BOTTOM OF THE 8TH |
|
Buffalo Bisons batting - Pitching for Omaha Storm Chasers : RHP Elijah Lewis
|
|
Batting: RHB Michel Martineau
|
0-0: Foul Ball, location: 2F 0-1: Ground out 4-3 (Groundball, 34S, EV 89.4 MPH)
|
|
Batting: RHB Frank Caulfield
|
0-0: Called Strike 0-1: Ball 1-1: Called Strike 1-2: Foul Ball, location: 2F 1-2: Ball 2-2: Ball 3-2: Strikes out swinging
|
|
Batting: SHB Dominik Hasek II
|
0-0: Ball 1-0: Fly out, F9 (Line Drive, 9, EV 87.5 MPH)
|
| Bottom of the 8th over - 0 runs, 0 hits, 0 errors, 0 left on base; Omaha 4 - Buffalo 3 |
| TOP OF THE 9TH |
|
Omaha Storm Chasers batting - Pitching for Buffalo Bisons : RHP Pat Powell
|
|
Pitching: RHP Chris Kroesen
|
|
|
Batting: RHB Danny Weisse
|
0-0: Ball 1-0: Ball 2-0: Foul Ball, location: 2F 2-1: Called Strike 2-2: Strikes out swinging
|
|
Batting: LHB Danny Bailey
|
0-0: Called Strike 0-1: Ball 1-1: Swinging Strike 1-2: Ball 2-2: Ball 3-2: Foul Ball, location: 2F 3-2: Ground out 1-3 (Groundball, 13S, EV 73.1 MPH)
|
|
Batting: SHB Francisco Gutierrez
|
0-0: Ball 1-0: Called Strike 1-1: Ball 2-1: Ball 3-1: Called Strike 3-2: Ground out 5-3 (Groundball, 56, EV 85.0 MPH)
|
| Top of the 9th over - 0 runs, 0 hits, 0 errors, 0 left on base; Omaha 4 - Buffalo 3 |
| BOTTOM OF THE 9TH |
|
Buffalo Bisons batting - Pitching for Omaha Storm Chasers : RHP Elijah Lewis
|
|
Pitching: RHP Matthew Orphan
|
|
|
Batting: RHB Kyle Scruggs
|
0-0: Foul Ball, location: 2F 0-1: Called Strike 0-2: Foul Ball, location: 2F 0-2: Foul Ball, location: 2F 0-2: Foul Ball, location: 2F 0-2: Ball 1-2: Ball 2-2: Foul Ball, location: 2F 2-2: Strikes out swinging
|
|
Batting: LHB Gabe Pace
|
0-0: Called Strike 0-1: Ball 1-1: Ball 2-1: Foul Ball, location: 2F 2-2: Ground out 6-3 (Groundball, 4M, EV 105.6 MPH)
|
|
Batting: RHB Kyle Davis
|
0-0: Ball 1-0: Ball 2-0: Called Strike 2-1: Called Strike 2-2: Foul Ball, location: 2F 2-2: Strikes out looking
|
| Bottom of the 9th over - 0 runs, 0 hits, 0 errors, 0 left on base; Omaha 4 - Buffalo 3 |
|